 Dungeon Crawl Stone Soup version 0.14-a0-1527-g89529d6 (webtiles) character file.

231 Mitsuki the Bolt Thrower (level 5, 0/29 HPs)
             Began as a Kobold Hunter on Dec 17, 2013.
             Slain by BlessedChild's ghost (4 damage)
             ... on Level 3 of the Dungeon.
             The game lasted 00:16:21 (1804 turns).

Mitsuki the Bolt Thrower (Kobold Hunter)            Turns: 1804, Time: 00:16:21

HP   0/29        AC  3     Str 11      XL: 5   Next: 76%
MP   5/5         EV 14     Int 11      God:
Gold 64          SH  0     Dex 19      Spells:  0 memorised,  4 levels left

rFire  . . .     SeeInvis .     b - +1 crossbow
rCold  + . .     Clarity  .     d - +0 leather armour
rNeg   . . .     Conserve .     (no shield)
rPois  .         rCorr    .     (no helmet)
rElec  .         rRot     .     (no cloak)
SustAb . .       Spirit   .     (no gloves)
rMut   .         Warding  .     (no boots)
Saprov + + .     Stasis   .     (no amulet)
                                j - +2 ring of dexterity
                                m - +2 ring of intelligence

@: slightly resistant to hostile enchantments, fairly stealthy
A: disease resistance, carnivore 3, cold resistance 1, saprovore 2, slow healing
1, wild magic 1
a: no special abilities


You were on level 3 of the Dungeon.
You were full.

You visited 1 branch of the dungeon, and saw 3 of its levels.

You collected 64 gold pieces.

Inventory:

Hand weapons
 a - a +0,+0 short sword
 b - a +1,+1 crossbow (weapon)
Armour
 d - a +0 leather armour (worn)
 k - a +0 shield
Magical devices
 e - a wand of polymorph (5)
 p - a wand of polymorph (10)
Comestibles
 f - a meat ration
 s - 2 chunks of iguana flesh
Scrolls
 g - 2 scrolls of recharging {unknown}
 h - 3 scrolls of identify
 l - 2 scrolls of teleportation {unknown}
 n - a scroll of blinking {unknown}
Jewellery
 j - a +2 ring of dexterity (right hand)
 m - a +2 ring of intelligence (left hand)
 o - an uncursed ring of protection from cold
Potions
 i - 2 potions of curing
 q - a potion of restore abilities


   Skills:
 - Level 1.1 Fighting
 + Level 7.3 Crossbows
 + Level 1.0 Armour
 + Level 3.1 Dodging
 + Level 1.7 Stealth
 + Level 0.3 Evocations


You had 4 spell levels left.
You didn't know any spells.

Dungeon Overview and Level Annotations

Branches:
Dungeon (3/16)

Altars:
Ashenzari

Annotations:
D:3 BlessedChild's ghost, average CeHu


Innate Abilities, Weirdness & Mutations

You recuperate from illness quickly.
You are small and have problems with some larger weapons.
You are carnivorous and can eat meat at any time.
You can eat rotten meat.
Your flesh is cold resistant.
You heal slowly when monsters are visible.
Your spells are a little harder to cast, but a little more powerful.


Message History

You shoot a bolt. The bolt hits BlessedChild's ghost.
BlessedChild's ghost is severely damaged.
BlessedChild's ghost closely misses you.
BlessedChild's ghost barely misses you.
BlessedChild's ghost shrieks, "What do you have that I didn't have?"
You see here a bolt.
c - a bolt BlessedChild's ghost misses you.
BlessedChild's ghost hits you.
* * * LOW HITPOINT WARNING * * *
Firing (i - inventory):
c - a bolt (quivered)
Press: ? - help, Shift-Dir - straight line, f/p - BlessedChild's ghost
Aim: BlessedChild's ghost (severely damaged)
You shoot a bolt. The bolt hits BlessedChild's ghost.
BlessedChild's ghost is severely damaged.
BlessedChild's ghost closely misses you.
BlessedChild's ghost wails.
BlessedChild's ghost closely misses you.
BlessedChild's ghost closely misses you.
BlessedChild's ghost hits you.
You die...

.>........###.......#
##.#.##.#.# #.....###
#... #.#.# ##p#..##
#### #.#.## #.#...#
#.# ..##.#...# #.#
.....#...# #.#
...#..## . ..#p.#
#.#@.# # #%#(.#
#...##.#..#
#.........#
######....# #....#
#...## #...# #...#


You could see BlessedChild's ghost.

Vanquished Creatures
  An orc priest (D:3)
  An iguana (D:3)
  4 adders
  3 giant geckos (D:2)
  3 orcs (D:3)
  4 giant cockroaches
  4 goblins
  8 hobgoblins
  4 jackals (D:2)
  2 quokkas
  A ball python (D:1)
  8 bats
  11 kobolds
  An orc skeleton (D:3)
  6 rats
61 creatures vanquished.

Notes
Turn   | Place    | Note
--------------------------------------------------------------
     0 | D:1      | Mitsuki, the Kobold Hunter, began the quest for the Orb.
     0 | D:1      | Reached XP level 1. HP: 12/12 MP: 1/1
    78 | D:1      | Reached skill level 5 in Crossbows
   130 | D:1      | Reached XP level 2. HP: 16/16 MP: 2/2
   373 | D:1      | Reached XP level 3. HP: 20/20 MP: 3/3
   581 | D:2      | Reached skill level 6 in Crossbows
   725 | D:2      | Gained mutation: Your flesh is cold resistant. [potion of mutation]
   725 | D:2      | Gained mutation: Your spells are a little harder to cast, but a little more powerful. [potion of mutation]
   725 | D:2      | Gained mutation: You heal slowly when monsters are visible. [potion of mutation]
   760 | D:2      | Reached XP level 4. HP: 25/25 MP: 4/4
  1187 | D:2      | Found a shattered altar of Ashenzari.
  1423 | D:3      | Reached XP level 5. HP: 8/29 MP: 5/5
  1494 | D:3      | Noticed BlessedChild's ghost (average CeHu)
  1628 | D:3      | Reached skill level 7 in Crossbows
  1724 | D:3      | Reached skill level 1 in Armour
  1804 | D:3      | Slain by BlessedChild's ghost

Action                   |  1- 3 |  4- 6 || total
-------------------------+-------+-------++-------
Melee: Short sword       |       |    78 ||    78
 Fire: Crossbow          |    71 |    35 ||   106
Evoke: Wand              |     1 |       ||     1
  Use: Potion            |     4 |     1 ||     5
       Scroll            |     2 |       ||     2
